[Event "Early-Titled-Tuesday-Blitz-February-06-2024"]
[Site "Chess.com"]
[Date "2024.02.06"]
[Round "3"]
[White "SouS007"]
[Black "microbear"]
[Result "1-0"]
[WhiteElo "2503"]
[BlackElo "2271"]
[TimeControl "180+1"]
[EndTime "8:24:40 PST"]
[Termination "SouS007 won by checkmate"]

1. e4 c5 2. Nf3 d6 3. d4 cxd4 4. Nxd4 Nf6 5. Nc3 Nc6 6. Bg5 Bd7 7. Qd2 Rc8 8. O-O-O Nxd4 9. Qxd4 Qa5 10. h4 h6 11.
Bxf6 gxf6 12. Kb1 Bg7 13. f4 Qc5 14. Qd3 Bg4 15. Be2 f5 16. e5 O-O 17. Bxg4 fxg4 18.
Nd5 dxe5 19. fxe5 Bxe5 20. Qf5 Bg7 21. Rd2 e6 22. Nf6+ Kh8 23. Qh7# 1-0

[Event "Early-Titled-Tuesday-Blitz-February-06-2024"]
[Site "Chess.com"]
[Date "2024.02.06"]
[Round "3"]
[White "SantoBlue"]
[Black "soloderisas"]
[Result "1-0"]
[WhiteElo "2997"]
[BlackElo "2512"]
[TimeControl "180+1"]
[EndTime "8:24:48 PST"]
[Termination "SantoBlue won by resignation"]

1. e4 e5 2. Nc3 Nc6 3. Bc4 Nf6 4.
d3 h6 5. Nge2 Bc5 6. h3 a6 7. a4 d6 8. O-O Be6 9. Kh1 g5 10. Nd5 Bxd5 11. exd5 Ne7 12. d4 Bb6 13. a5 Ba7 14. Qd3 e4 15. Qb3 Rb8 16. f3 Qd7 17. fxe4 Nxe4 18. Qf3 f5 19. Qh5+ Kd8 20. Ra3 Bxd4 21.
Nxd4 Ng3+ 22. Rxg3 1-0

[Event "Early-Titled-Tuesday-Blitz-February-06-2024"]
[Site "Chess.com"]
[Date "2024.02.06"]
[Round "3"]
[White "hmatyi07"]
[Black "Kopytkin"]
[Result "1-0"]
[WhiteElo "2205"]
[BlackElo "2383"]
[TimeControl "180+1"]
[EndTime "8:24:48 PST"]
[Termination "hmatyi07 won on time"]

1. e4 Nf6 2. e5 Nd5 3. d4 d6 4. Nf3 g6 5. c4 Nb6 6. Nc3 Bg7 7. exd6 cxd6 8. Be3 O-O 9. Rc1 Bg4 10. b3 d5 11. Be2 Nc6 12. c5 1-0

[Event "Early-Titled-Tuesday-Blitz-February-06-2024"]
[Site "Chess.com"]
[Date "2024.02.06"]
[Round "3"]
[White "Darius321"]
[Black "ChampStan"]
[Result "1-0"]
[WhiteElo "2375"]
[BlackElo "2108"]
[TimeControl "180+1"]
[EndTime "8:24:54 PST"]
[Termination "Darius321 won by resignation"]

1. e4 e5 2. Nf3 Nc6 3. d4 exd4 4.
Nxd4 Qf6 5. Be3 Bc5 6. c3 Nge7 7. Nc2 Bb6 8. Bxb6 axb6 9. Ne3 d6 10. Be2 O-O 11. O-O Be6 12. Nd2 Rxa2 13. Rxa2 Bxa2 14.
Ng4 Qg6 15. b3 Qe6 16. Qc2 Ra8 17. Ra1 f5 18. Bc4 d5 19. exd5 Nxd5 20. Ne3 Nce7 21.
Rxa2 1-0

[Event "Early-Titled-Tuesday-Blitz-February-06-2024"]
[Site "Chess.com"]
[Date "2024.02.06"]
[Round "3"]
[White "Cheer_Down"]
[Black "ViIIagra"]
[Result "0-1"]
[WhiteElo "2509"]
[BlackElo "2955"]
[TimeControl "180+1"]
[EndTime "8:24:55 PST"]
[Termination "ViIIagra won by resignation"]

1. e4 g6 2. d4 d6 3. Nc3 a6 4.
Nf3 Bg7 5. Bd3 b5 6. Ne2 Nd7 7. Ng3 c5 8. c3 Bb7 9. O-O Ngf6 10. e5 Bxf3 11. exf6 Bxd1 12. fxg7 Rg8 13. Rxd1 cxd4 14.
a4 f5 15. Bh6 dxc3 16. axb5 cxb2 17. Rab1 Ne5 18. Be2 axb5 19. Bxb5+ Kf7 20. Rxb2 Rb8 21.
f4 Ng4 0-1

[Event "Early-Titled-Tuesday-Blitz-February-06-2024"]
[Site "Chess.com"]
[Date "2024.02.06"]
[Round "3"]
[White "Kaissa10"]
[Black "RichardLeyvaP"]
[Result "1-0"]
[WhiteElo "2311"]
[BlackElo "2532"]
[TimeControl "180+1"]
[EndTime "8:24:55 PST"]
[Termination "Kaissa10 won by resignation"]

1. e4 e5 2. Nf3 Nc6 3. Bb5 a6 4. Bxc6 dxc6 5. O-O f6 6. d4 exd4 7. Nxd4 c5 8. Ne2 Qxd1 9. Rxd1 Bg4 10. f3 Bd7 11.
Nbc3 O-O-O 12. Bf4 Ne7 13. Nd5 Nxd5 14. Rxd5 Re8 15.
Rad1 Be6 16. R5d3 Bxa2 17. b3 c4 18. Rc3 Bc5+ 19. Kf1 Rd8 20. Ra1 Bb6 21. Rxc4 Rd7 22. Nc3 Bxb3 23. cxb3 Rhd8 24. Nd5 1-0

[Event "Early-Titled-Tuesday-Blitz-February-06-2024"]
[Site "Chess.com"]
[Date "2024.02.06"]
[Round "3"]
[White "GHANDEEVAM2003"]
[Black "ViralduS"]
[Result "1-0"]
[WhiteElo "3018"]
[BlackElo "2738"]
[TimeControl "180+1"]
[EndTime "8:25:02 PST"]
[Termination "GHANDEEVAM2003 won by resignation"]

1. b3 g6 2. Bb2 Nf6 3. g3 Bg7 4. Bg2 O-O 5. Nf3 c5 6. c4 Nc6 7. O-O d6 8. d4 cxd4 9. Nxd4 Bd7 10.
Nc3 Rc8 11. e3 Ne5 12. Qe2 Bc6 13. Nxc6 bxc6 14. Rad1 Qa5 15. Na4 Ned7 16. Bc3 Qc7 17. e4 Rcd8 18. Qe3 e5 19. Rd3 c5 20. Rfd1 Nb8 21.
Qd2 Nc6 22. Rxd6 Nd4 23. Rxd8 Rxd8 24. Ba5 Nf3+ 25. Bxf3 Rxd2 26. Bxc7 Nxe4 27. Rxd2 Nxd2 28. Bd5 1-0

[Event "Early-Titled-Tuesday-Blitz-February-06-2024"]
[Site "Chess.com"]
[Date "2024.02.06"]
[Round "3"]
[White "rezamahdavi2008"]
[Black "Predo63"]
[Result "1-0"]
[WhiteElo "2861"]
[BlackElo "2502"]
[TimeControl "180+1"]
[EndTime "8:25:03 PST"]
[Termination "rezamahdavi2008 won by resignation"]

1. e4 c6 2. d4 d5 3. e5 g6 4. c4 Be6 5. cxd5 Bxd5 6. Nc3 e6 7. h4 h5 8. Nge2 Be7 9. Nf4 Nh6 10.
Bd3 Nf5 11. Bxf5 gxf5 12. Ncxd5 cxd5 13. Nxh5 Bxh4 14. g3 Rxh5 15. Qxh5 Be7 16. Qh8+ Bf8 17. Bh6 Nd7 18. Bxf8 Nxf8 19. O-O Rc8 20. Rac1 Rxc1 21. Rxc1 Qd7 22. a4 a6 23. b4 Ke7 24. b5 axb5 25.
axb5 Ng6 26. Qf6+ Ke8 27. b6 Qd8 28. Qxd8+ Kxd8 29. Rc7 Ne7 30. Rxb7 Nc6 31. Rxf7 Nxd4 32. b7 Nc6 33. Kf1 1-0

[Event "Early-Titled-Tuesday-Blitz-February-06-2024"]
[Site "Chess.com"]
[Date "2024.02.06"]
[Round "3"]
[White "SHIVACalypso"]
[Black "Andrey_Klymchuk"]
[Result "1-0"]
[WhiteElo "2512"]
[BlackElo "2757"]
[TimeControl "180+1"]
[EndTime "8:25:05 PST"]
[Termination "SHIVACalypso won by resignation"]

1. Nf3 c5 2. c4 g6 3. g3 b6 4. Bg2 Bb7 5. O-O Bg7 6. d4 cxd4 7. Nxd4 Bxg2 8. Kxg2 Nf6 9. b3 O-O 10. Bb2 Qc7 11. Nc3 Qb7+ 12. Kg1 d6 13. Rc1 Nbd7 14. Qd2 h5 15. Rfd1 a6 16. Nd5 Nc5 17. Nc6 Rfe8 18. Nxf6+ Bxf6 19. Bxf6 Qxc6 20. Bb2 f6 21. Qh6 Qe4 22. Rd4 Qf5 23. h4 Ne6 24. Rd5 Qe4 25. f3 Qxe2 26. Qxg6+ Ng7 27. Rg5 1-0

[Event "Early-Titled-Tuesday-Blitz-February-06-2024"]
[Site "Chess.com"]
[Date "2024.02.06"]
[Round "3"]
[White "viniciusrego"]
[Black "Timerkhanov"]
[Result "1-0"]
[WhiteElo "2453"]
[BlackElo "2635"]
[TimeControl "180+1"]
[EndTime "8:25:16 PST"]
[Termination "viniciusrego won by resignation"]

1. e4 c5 2. Nf3 a6 3. c4 Nc6 4. d4 cxd4 5. Nxd4 Nf6 6. Nc3 e5 7. Nc2 Bc5 8. Be2 d6 9. O-O h6 10. Be3 O-O 11. Rb1 Bxe3 12. fxe3 Be6 13. Nd5 Nd7 14. Bg4 Nc5 15. Qf3 Qg5 16. Bf5 g6 17. b4 Na4 18. Bh3 Bxh3 19. Qxh3 b5 20. Qd7 Rac8 21. Rf6 Rfd8 22. Qxf7+ Kh8 23. Rxg6 1-0

[Event "Early-Titled-Tuesday-Blitz-February-06-2024"]
[Site "Chess.com"]
[Date "2024.02.06"]
[Round "3"]
[White "artooon"]
[Black "FontVella8"]
[Result "1-0"]
[WhiteElo "3055"]
[BlackElo "2746"]
[TimeControl "180+1"]
[EndTime "8:25:19 PST"]
[Termination "artooon won by resignation"]

1. e4 c6 2. d4 d5 3. e5 Bf5 4.
Nc3 e6 5. g4 Bg6 6. Nge2 c5 7.
h4 h5 8. Nf4 Bh7 9. g5 cxd4 10.
Nb5 Nc6 11. Qxh5 Bb4+ 12. c3 dxc3 13. bxc3 Qa5 14. cxb4 Qxb4+ 15. Bd2 Qe4+ 16. Ne2 Qxe5 17. Bc3 d4 18. Nxd4 Nxd4 19. Bxd4 Qe4 20. f3 Qd5 21. Bxg7 Bg6 22. Qxh8 O-O-O 23. Bd4 Qxf3 24. Rh3 Qd5 25. Rc3+ Kb8 26. Qe5+ Qxe5 27. Bxe5+ Ka8 28. Rd1 1-0

[Event "Early-Titled-Tuesday-Blitz-February-06-2024"]
[Site "Chess.com"]
[Date "2024.02.06"]
[Round "3"]
[White "BelaKis"]
[Black "ChessRespected"]
[Result "0-1"]
[WhiteElo "2247"]
[BlackElo "2536"]
[TimeControl "180+1"]
[EndTime "8:25:20 PST"]
[Termination "ChessRespected won by resignation"]

1. d4 d5 2. c4 c6 3. cxd5 cxd5 4.
Nf3 Nf6 5. Nc3 Nc6 6. Bf4 Bf5 7.
e3 e6 8. Be2 Bd6 9. Bg3 O-O 10.
O-O Bxg3 11. hxg3 Qe7 12. a3 Rfc8 13. Nh4 Be4 14. f3 Bg6 15. Nxg6 hxg6 16. Na4 Rc7 17.
g4 Rac8 18. Qd2 e5 19. Rac1 exd4 20. Kf2 dxe3+ 21. Qxe3 Qd6 22. Rfd1 Re7 23. Qc5 Qf4 24. Nc3 Rce8 25. Bf1 Nxg4+ 0-1

[Event "Early-Titled-Tuesday-Blitz-February-06-2024"]
[Site "Chess.com"]
[Date "2024.02.06"]
[Round "3"]
[White "Arystanner"]
[Black "Qingdom"]
[Result "1-0"]
[WhiteElo "2878"]
[BlackElo "2067"]
[TimeControl "180+1"]
[EndTime "8:25:22 PST"]
[Termination "Arystanner won by resignation"]

1. d4 Nf6 2. Nf3 c5 3. e3 d5 4.
b3 Nc6 5. Bd3 Bg4 6. Bb2 e6 7.
O-O Be7 8. dxc5 Bxc5 9. a3 O-O 10. h3 Bh5 11. Nbd2 Qe7 12. b4 Bd6 13. c4 Rac8 14. cxd5 exd5 15. Qb3 Rfd8 16. Nd4 Nxd4 17. Bxd4 Ne4 18.
Bxe4 dxe4 19. Rfc1 Kf8 20. Bxa7 f5 21. Bd4 Bf7 22. Qb2 Qg5 23. Rxc8 Rxc8 24. Rc1 Rxc1+ 25. Qxc1 Be6 26. Bc5 Ke7 27. Bxd6+ Kxd6 28. Qc5+ Kd7 29. Nxe4 Qe7 30. Qxe7+ Kxe7 31. Nc5 Bc8 32. f3 b6 33. Nb3 Kd6 34. Nd4 Kd5 35. Kf2 Kc4 36. g4 fxg4 37.
hxg4 Kc3 38. g5 Kb2 39. a4 Kc3 40. a5 bxa5 41. bxa5 Kb4 42. a6 Bxa6 43. Ne6 h6 44. g6 Bd3 45. e4 Kc4 46. Nxg7 Kd4 47. Ne6+ Ke5 48. g7 1-0

[Event "Early-Titled-Tuesday-Blitz-February-06-2024"]
[Site "Chess.com"]
[Date "2024.02.06"]
[Round "3"]
[White "Thunderbolt135"]
[Black "Genghis_K"]
[Result "0-1"]
[WhiteElo "2690"]
[BlackElo "2908"]
[TimeControl "180+1"]
[EndTime "8:25:26 PST"]
[Termination "Genghis_K won by resignation"]

1. b3 e5 2. Bb2 Nc6 3. e3 Nf6 4. Bb5 e4 5. Ne2 a6 6. Bxc6 dxc6 7. Ng3 h5 8. Bxf6 Qxf6 9. Nc3 Qg6 10. h4 Bg4 11. f3 Bxf3 12. gxf3 Qxg3+ 13. Kf1 exf3 14. Rg1 Qh3+ 15. Kf2 O-O-O 16. d4 Qxh4+ 17. Kxf3 Rh6 18. Ke2 Bb4 19. Kd3 c5 20. d5 Qf6 21. Ne4 Rxd5+ 22. Ke2 Rxd1 0-1

[Event "Early-Titled-Tuesday-Blitz-February-06-2024"]
[Site "Chess.com"]
[Date "2024.02.06"]
[Round "3"]
[White "dropstoneDP"]
[Black "Franmu14"]
[Result "1/2-1/2"]
[WhiteElo "3013"]
[BlackElo "2746"]
[TimeControl "180+1"]
[EndTime "8:25:27 PST"]
[Termination "Game drawn by repetition"]

1. e4 e5 2. Nf3 Nc6 3. Bc4 Bc5 4. d3 Nf6 5. Nc3 h6 6. O-O a5 7. Be3 Bxe3 8. fxe3 d6 9. Qe1 Be6 10. Bxe6 fxe6 11.
a3 Qd7 12. Rd1 O-O 13. h3 Ne7 14. d4 exd4 15. exd4 Nh7 16. Qg3 Kh8 17. Ne2 Qc6 18. Qg4 Nf6 19. Qxe6 Qxe4 20. Qxe4 Nxe4 21. Rfe1 Nd5 22.
Nc1 Nef6 23. Nd3 Rfe8 24. Rxe8+ Rxe8 25. Re1 Rxe1+ 26. Nfxe1 a4 27. Kf2 Kg8 28. Kf3 Kf7 29. g3 g5 30. Ng2 Ke6 31. g4 b5 32. Ne3 Nxe3 33. Kxe3 Nd5+ 34. Ke4 Nf6+ 35. Ke3 Nd5+ 36.
Ke4 Nf6+ 37. Ke3 1/2-1/2

[Event "Early-Titled-Tuesday-Blitz-February-06-2024"]
[Site "Chess.com"]
[Date "2024.02.06"]
[Round "3"]
[White "MikeSailer"]
[Black "wild3000"]
[Result "0-1"]
[WhiteElo "2052"]
[BlackElo "2366"]
[TimeControl "180+1"]
[EndTime "8:25:28 PST"]
[Termination "wild3000 won by resignation"]

1. d4 d5 2. Bf4 Nf6 3. e3 e6 4.
Nf3 Be7 5. c4 O-O 6. Be2 a6 7.
O-O dxc4 8. Bxc4 b5 9. Bd3 Bb7 10. Nbd2 c5 11. Qe2 Nc6 12. a3 Nd5 13. Bg3 c4 14.
Bc2 Rc8 15. e4 Nf6 16. Rfe1 Nh5 17. Be5 f6 18. Bg3 Nxg3 19. hxg3 Nxd4 20. Nxd4 Qxd4 21. b3 Rfd8 22. Nf3 Qc3 23. b4 a5 24. e5 f5 25.
bxa5 Qxa5 26. g4 fxg4 27. Nh2 Rd2 0-1

[Event "Early-Titled-Tuesday-Blitz-February-06-2024"]
[Site "Chess.com"]
[Date "2024.02.06"]
[Round "3"]
[White "cristiano78"]
[Black "Aash20"]
[Result "1/2-1/2"]
[WhiteElo "2272"]
[BlackElo "2477"]
[TimeControl "180+1"]
[EndTime "8:25:29 PST"]
[Termination "Game drawn by agreement"]

1. d4 d5 2. c4 c6 3. Nf3 Nf6 4. Nc3 dxc4 5. a4 Bg4 6. Ne5 e6 7.
Nxg4 Nxg4 8. e4 Nf6 9. Bxc4 Be7 10. O-O O-O 11. Be3 Nbd7 12. Qe2 Qa5 13. Rfd1 Rad8 14.
d5 cxd5 15. exd5 exd5 16. Nxd5 Nxd5 17. Rxd5 Qc7 18. Rad1 Nb6 19. Rxd8 Rxd8 20. Rxd8+ Qxd8 21. Bb3 Bf6 22. a5 Nc8 23. Qc4 Nd6 24. Qd5 b6 25.
axb6 axb6 26. Bf4 Be7 27. Bxd6 Bxd6 28. Qxf7+ Kh8 29. g3 Bc5 30. Bd5 Qf8 31. Qxf8+ Bxf8 32. Kf1 Bc5 33. f4 g6 34. Ke2 Kg7 35. Kf3 Kf6 36. g4 h6 37. h4 Bd4 38. b3 Bc3 39. Ke4 Be1 40. g5+ Kg7 41. gxh6+ Kxh6 42. f5 gxf5+ 43. Kxf5 Bxh4 44. Ke6 Bf2 45. Kd6 1/2-1/2

[Event "Early-Titled-Tuesday-Blitz-February-06-2024"]
[Site "Chess.com"]
[Date "2024.02.06"]
[Round "3"]
[White "JaackCamel"]
[Black "NastyaHn"]
[Result "1-0"]
[WhiteElo "2163"]
[BlackElo "2375"]
[TimeControl "180+1"]
[EndTime "8:25:29 PST"]
[Termination "JaackCamel won by resignation"]

1. d4 e6 2. c4 d5 3. Nc3 Nf6 4.
cxd5 exd5 5. Bg5 Be7 6. e3 O-O 7. Bd3 c6 8. Qc2 h6 9. Bh4 Re8 10. Nge2 Nbd7 11. O-O Nf8 12. h3 Nh5 13. Bxe7 Qxe7 14.
Rab1 a5 15. a3 Qg5 16. Kh2 Be6 17. Rbd1 Qh4 18. Ng1 Qd8 19. Na4 Qd6+ 20. Kh1 Nd7 21. Rc1 Rec8 22. Nc5 Nxc5 23. Qxc5 Qd7 24. Qc2 b6 25. Qe2 c5 26. Qxh5 c4 27. Bc2 b5 28.
Nf3 b4 29. Ne5 Qe7 30. Ba4 bxa3 31. bxa3 Qxa3 32. Bd7 Rf8 33. Bxe6 fxe6 34. Qg6 Rf6 35. Qg3 Qd6 36. Ng4 Qxg3 37. Nxf6+ 1-0

[Event "Early-Titled-Tuesday-Blitz-February-06-2024"]
[Site "Chess.com"]
[Date "2024.02.06"]
[Round "3"]
[White "Meri-Arabidze"]
[Black "wonderfultime"]
[Result "0-1"]
[WhiteElo "2743"]
[BlackElo "3042"]
[TimeControl "180+1"]
[EndTime "8:25:30 PST"]
[Termination "wonderfultime won by resignation"]

1. d4 d5 2. c4 c6 3. Nf3 Nf6 4. Nbd2 a6 5. e3 Bf5 6. b3 e6 7. Bb2 Nbd7 8. Be2 Bd6 9. Nh4 Be4 10. f3 Ng4 11. Nxe4 dxe4 12. fxg4 Qxh4+ 13. Kd2 O-O-O 14. Kc2 Qf2 15. Rf1 Qxg2 16. Rxf7 Rhf8 17. Rxf8 Rxf8 18. Qd2 Rf2 19. Re1 Qxh2 20. Bc3 Rg2 21. a4 Bg3 0-1

[Event "Early-Titled-Tuesday-Blitz-February-06-2024"]
[Site "Chess.com"]
[Date "2024.02.06"]
[Round "3"]
[White "Atousa"]
[Black "only_strong_moves"]
[Result "0-1"]
[WhiteElo "2457"]
[BlackElo "2676"]
[TimeControl "180+1"]
[EndTime "8:25:32 PST"]
[Termination "only_strong_moves won by resignation"]

1. e4 e5 2. Nf3 Nc6 3. Bb5 a6 4.
Ba4 Nge7 5. O-O Ng6 6. d4 exd4 7. Nxd4 Nxd4 8. Qxd4 b5 9. Bb3 Bb7 10. a4 c5 11. Qe3 c4 12. Ba2 Rc8 13. Nc3 Bc5 14.
Qe2 Qb6 15. axb5 axb5 16. Nd5 Qe6 17. Be3 Qxe4 18. Rfe1 O-O 19. Bxc5 Qxd5 20. Qg4 Rxc5 21. Rad1 Qc6 22. c3 h5 23. Qg3 Qf6 24. f3 Rg5 25.
Qf2 Bxf3 26. g3 Bxd1 0-1

[Event "Early-Titled-Tuesday-Blitz-February-06-2024"]
[Site "Chess.com"]
[Date "2024.02.06"]
[Round "3"]
[White "tetrix83"]
[Black "NowInChess"]
[Result "1-0"]
[WhiteElo "2557"]
[BlackElo "2328"]
[TimeControl "180+1"]
[EndTime "8:25:35 PST"]
[Termination "tetrix83 won by resignation"]

1. e4 e6 2. d4 d5 3. Nc3 Nc6 4. Nf3 Nf6 5. exd5 exd5 6. Bb5 Bb4 7. O-O O-O 8. Ne2 Bg4 9. Bxc6 Bxf3 10. Bxb7 Bxg2 11.
Kxg2 Rb8 12. Ba6 Qd6 13. Bd3 Ng4 14. Bf4 Qf6 15. Bg3 Bd6 16. b3 Bxg3 17. hxg3 Rb6 18. c3 Re8 19. Nf4 Nh6 20. Nxd5 Qg5 21. Nxb6 axb6 22. Re1 Re6 23. Qf3 g6 24. Rxe6 fxe6 25. Re1 Nf5 26. Bxf5 1-0

[Event "Early-Titled-Tuesday-Blitz-February-06-2024"]
[Site "Chess.com"]
[Date "2024.02.06"]
[Round "3"]
[White "MightyGMpretender"]
[Black "jefferyx"]
[Result "0-1"]
[WhiteElo "2734"]
[BlackElo "3012"]
[TimeControl "180+1"]
[EndTime "8:25:45 PST"]
[Termination "jefferyx won on time"]

1. Nf3 c5 2. c4 Nf6 3. Nc3 d5 4.
cxd5 Nxd5 5. e4 Nb4 6. Bb5+ N8c6 7. d4 cxd4 8. a3 dxc3 9. Qxd8+ Kxd8 10. axb4 cxb2 11.
Bxb2 f6 12. e5 Bd7 13. O-O Nxe5 14. Rfd1 Ke8 15. Be2 Nf7 16. Rac1 Nd6 17. Nd4 e5 18. Nb3 Ba4 19. Rc3 Rc8 20. Rxc8+ Nxc8 21. Bc4 Nb6 22. Be6 Ke7 0-1

[Event "Early-Titled-Tuesday-Blitz-February-06-2024"]
[Site "Chess.com"]
[Date "2024.02.06"]
[Round "3"]
[White "Elegance_Riks"]
[Black "MasterKroket"]
[Result "1-0"]
[WhiteElo "2758"]
[BlackElo "2479"]
[TimeControl "180+1"]
[EndTime "8:25:47 PST"]
[Termination "Elegance_Riks won by resignation"]

1. Nf3 Nf6 2. c4 g6 3. b3 Bg7 4. Bb2 O-O 5. g3 c6 6. Bg2 d5 7. O-O a5 8. Nc3 Re8 9. d4 Ne4 10. e3 Nxc3 11. Bxc3 a4 12. Qe2 Bg4 13. h3 Bxf3 14.
Bxf3 e6 15. Rfb1 Qc7 16. Bg2 Nd7 17. Rc1 f5 18. b4 Qd6 19. b5 h6 20. Rab1 Kh7 21. Bb4 Qb8 22. Be1 Qa7 23. h4 Rec8 24. c5 Bf6 25. bxc6 bxc6 26. h5 g5 27. Qc2 Rf8 28.
g4 Bd8 29. Bh3 Nf6 30. gxf5 g4 31. fxe6+ Kh8 32. Bg2 Qg7 33. Qg6 Qxg6 34. hxg6 Kg7 35. Rb7+ Kxg6 36. e7 Bxe7 37. Rxe7 1-0

[Event "Early-Titled-Tuesday-Blitz-February-06-2024"]
[Site "Chess.com"]
[Date "2024.02.06"]
[Round "3"]
[White "falzehope0"]
[Black "miraitrunks"]
[Result "0-1"]
[WhiteElo "2369"]
[BlackElo "2137"]
[TimeControl "180+1"]
[EndTime "8:25:49 PST"]
[Termination "miraitrunks won on time"]

1. d4 Nf6 2. e3 g6 3. Bd3 Bg7 4.
f4 O-O 5. Nf3 d6 6. O-O c5 7. c3 Nc6 8. Bc2 cxd4 9. Nxd4 Nxd4 10. Qxd4 Be6 11. e4 Rc8 12. f5 Bc4 13. Re1 Qb6 14.
Qxb6 axb6 15. Na3 Ba6 16. Be3 Nd7 17. Rad1 Nc5 18. Bf2 Rc7 19. Bg3 Nd7 20. Nb1 Be5 0-1

[Event "Early-Titled-Tuesday-Blitz-February-06-2024"]
[Site "Chess.com"]
[Date "2024.02.06"]
[Round "3"]
[White "Russian_berezka"]
[Black "Kotofeyca"]
[Result "0-1"]
[WhiteElo "2573"]
[BlackElo "2420"]
[TimeControl "180+1"]
[EndTime "8:25:50 PST"]
[Termination "Kotofeyca won by resignation"]

1. d4 d5 2. c4 c6 3. Nc3 Nf6 4. Nf3 dxc4 5. a4 Bg4 6. Ne5 Bh5 7. f3 Nfd7 8. Nxc4 e5 9. e4 Qh4+ 10. g3 Qf6 11. dxe5 Qxf3 12. Qb3 Nc5 13. Qc2 Qxh1 14. Bg5 Nbd7 15. b4 Ne6 16. Be3 Bxb4 17. Rb1 Bxc3+ 18. Qxc3 O-O 19. Rxb7 Ndc5 20. Re7 Qxe4 21. Nd6 Qb1+ 22. Kf2 Ne4+ 23. Nxe4 Qxe4 24. Bd3 Qf3+ 0-1

[Event "Early-Titled-Tuesday-Blitz-February-06-2024"]
[Site "Chess.com"]
[Date "2024.02.06"]
[Round "3"]
[White "DarZay"]
[Black "ural58"]
[Result "0-1"]
[WhiteElo "2253"]
[BlackElo "2481"]
[TimeControl "180+1"]
[EndTime "8:25:50 PST"]
[Termination "ural58 won on time"]

1. e4 d5 2. exd5 Qxd5 3. d4 Nc6 4. Nc3 Qxd4 5. Qxd4 Nxd4 6. Bd3 Bf5 7. Bxf5 Nxf5 8.
Nd5 O-O-O 9. c4 e6 10. Nc3 Bb4 11. Bf4 Bxc3+ 12. bxc3 e5 13. Bd2 Nf6 14. Ne2 Ne4 15. Rd1 Rd6 16. f3 Nxd2 17. Rxd2 Rhd8 18. Rxd6 Nxd6 19. c5 Nc4 20. Kf2 Rd2 21. a4 a5 22.
Rb1 Ra2 23. Rb5 c6 24. Rb1 Rxa4 25. Ng3 Ra2+ 26. Kg1 a4 27. Ne4 f5 28. Ng5 a3 29.
Ne6 Rb2 30. Rd1 Rxg2+ 31. Kh1 Rd2 0-1

[Event "Early-Titled-Tuesday-Blitz-February-06-2024"]
[Site "Chess.com"]
[Date "2024.02.06"]
[Round "3"]
[White "Blitzking642"]
[Black "arnash_bauyrzhan"]
[Result "1-0"]
[WhiteElo "2538"]
[BlackElo "2264"]
[TimeControl "180+1"]
[EndTime "8:25:54 PST"]
[Termination "Blitzking642 won by resignation"]

1. e4 c5 2. Nf3 e6 3. g3 Nc6 4. Bg2 d5 5. exd5 exd5 6. O-O Nf6 7.
d4 Be7 8. dxc5 Bxc5 9. a3 O-O 10. b4 Be7 11. Nc3 h6 12. Bb2 Be6 13. Re1 a6 14. Ne2 Ne4 15. Nf4 Qb6 16. Qe2 Rad8 17. c4 Bf6 18. cxd5 Bxd5 19. Nxd5 Rxd5 20. Qxe4 Bxb2 21. Qxd5 Bxa1 22. Rxa1 Rd8 23. Qe4 Qb5 24. h3 1-0

[Event "Early-Titled-Tuesday-Blitz-February-06-2024"]
[Site "Chess.com"]
[Date "2024.02.06"]
[Round "3"]
[White "bogcsab"]
[Black "Truequitos"]
[Result "0-1"]
[WhiteElo "2259"]
[BlackElo "2546"]
[TimeControl "180+1"]
[EndTime "8:25:57 PST"]
[Termination "Truequitos won by resignation"]

1. d4 d5 2. c4 Nc6 3. Nf3 e5 4. dxe5 Bb4+ 5. Bd2 dxc4 6. Nc3 Nge7 7. e3 Be6 8. Ng5 Bd5 9. e4 Be6 10. Nxe6 fxe6 11.
f4 Qd4 12. Qf3 O-O 13. Qe3 Qxe3+ 14. Bxe3 b5 15. a4 a6 16. Be2 Rad8 17. O-O Nd4 18. Bg4 Nc2 19. Bxe6+ Kh8 20. Rae1 Nxe3 21. Rxe3 Bc5 22.
Kf2 Rxf4+ 23. Kg3 Rxf1 24. Rf3 Rxf3+ 25. gxf3 b4 26. Nd5 Nxd5 27. exd5 c3 28. bxc3 bxc3 0-1

[Event "Early-Titled-Tuesday-Blitz-February-06-2024"]
[Site "Chess.com"]
[Date "2024.02.06"]
[Round "3"]
[White "TangerineandLemon25"]
[Black "LikeWater"]
[Result "0-1"]
[WhiteElo "2620"]
[BlackElo "2828"]
[TimeControl "180+1"]
[EndTime "8:25:58 PST"]
[Termination "LikeWater won by resignation"]

1. e4 Nf6 2. e5 Nd5 3. d4 d6 4. c4 Nb6 5. exd6 exd6 6. Nc3 Be7 7.
Be3 O-O 8. Rc1 Nc6 9. h3 f5 10. Nge2 Nxc4 11. Nf4 Nxe3 12. fxe3 Bh4+ 13. Kd2 g5 14.
Bc4+ Kh8 15. Nd3 f4 16. exf4 Nxd4 17. Qg1 c5 18. Qe3 gxf4 19. Nxf4 Rxf4 0-1

[Event "Early-Titled-Tuesday-Blitz-February-06-2024"]
[Site "Chess.com"]
[Date "2024.02.06"]
[Round "3"]
[White "ilushka"]
[Black "Kleyton_Lima"]
[Result "1-0"]
[WhiteElo "2423"]
[BlackElo "2581"]
[TimeControl "180+1"]
[EndTime "8:25:58 PST"]
[Termination "ilushka won by checkmate"]

1. Nf3 c5 2. b3 g6 3. Bb2 Nf6 4. Bxf6 exf6 5. c4 Bg7 6. Nc3 O-O 7. g3 f5 8. Rc1 Nc6 9. Bg2 d6 10. O-O h5 11. h4 f4 12. gxf4 Bg4 13. e3 Ne7 14.
Qc2 Nf5 15. Ng5 Nxh4 16. Bxb7 Rb8 17. Bd5 Bf6 18. Nce4 Kg7 19. Nxf6 Qxf6 20. Qc3 Qxc3 21. Rxc3 f6 22. Ne6+ Bxe6 23. Bxe6 Nf3+ 24. Kg2 Nxd2 25.
Rd1 Ne4 26. Rcd3 Rfe8 27. Bd5 Rbd8 28. f3 f5 29. fxe4 fxe4 30. R3d2 Rf8 31. Rf2 Rfe8 32. Rdf1 Kf6 33. Kg3 Re7 34. Kh4 a5 35. Rg1 Rg7 36.
Rfg2 Rb8 37. Rg5 Rb4 38. f5 a4 39. Rxg6+ Rxg6 40. fxg6 Kg7 41. Kxh5 axb3 42. axb3 Rxb3 43.
Rf1 Rxe3 44. Rf7+ Kh8 45. Rh7# 1-0

[Event "Early-Titled-Tuesday-Blitz-February-06-2024"]
[Site "Chess.com"]
[Date "2024.02.06"]
[Round "3"]
[White "ri4mi"]
[Black "disciplinedbrat"]
[Result "1-0"]
[WhiteElo "2547"]
[BlackElo "2286"]
[TimeControl "180+1"]
[EndTime "8:25:59 PST"]
[Termination "ri4mi won by resignation"]

1. e4 g6 2. d4 Bg7 3. Nc3 d6 4.
f4 a6 5. Nf3 b5 6. Bd3 Bb7 7. O-O Nd7 8. Be3 c5 9. Kh1 Ngf6 10. e5 Ng4 11. Bg1 cxd4 12. Nxd4 dxe5 13. Ne6 fxe6 14. Qxg4 O-O 15. Qxe6+ Kh8 16. Qh3 Qe8 17.
f5 g5 18. f6 Nxf6 19. Rxf6 h5 20. Rxf8+ Bxf8 21. Qf5 e4 22. Bd4+ Bg7 23. Bxg7+ Kxg7 24. Qxg5+ Qg6 25. Qxe7+ Qf7 26. Qxf7+ Kxf7 27. Nxe4 Bxe4 28.
Bxe4 Rd8 29. Bd3 Kf6 30. Kg1 Ke5 31. a4 Kd4 32. axb5 axb5 33. Bxb5 Rb8 34. c4 Kc5 35. Rd1 Kb4 36. Rd5 h4 37. Rh5 Kb3 38. Rxh4 Kxb2 39. Rh3 Kc2 40. Rf3 Kd2 41. h4 Ke2 42. h5 Ra8 43. h6 Rh8 44. Rh3 1-0